% Time on Ice - SACRAMENTO BANDITS
Lines # - Real PCT - Wanted PCT - Time Play
Normal Forward
1 - 35% - 36% - 18:10
2 - 29% - 31% - 14:56
3 - 25% - 23% - 12:57
4 - 10% - 10% - 5:20
Normal Defense
1 - 32% - 36% - 16:41
2 - 32% - 31% - 16:30
3 - 33% - 23% - 17:07
4 - 2% - 10% - 1:05
PP Forward
1 - 43% - 55% - 2:00
2 - 57% - 45% - 2:39
PP Defense
1 - 50% - 55% - 2:20
2 - 50% - 45% - 2:19
PK Forward
1 - 72% - 55% - 2:51
2 - 28% - 45% - 1:07
PK Defense
1 - 46% - 55% - 1:50
2 - 54% - 45% - 2:08
PK3 Forward
1 - 0% - 55%
2 - 0% - 45%
PK3 Defense
1 - 0% - 55%
2 - 0% - 45%
44 Forward
1 - 0% - 55%
2 - 0% - 45%
44 Defense
1 - 0% - 55%
2 - 0% - 45%
Last Minute Offensive  - 0:00
Last Minute Defensive  - 0:00
Total
Forward - 60:00
Defense - 60:00
% Time on Ice - KANSAS CITY KILLERBEES
Lines # - Real PCT - Wanted PCT - Time Play
Normal Forward
1 - 29% - 32% - 15:01
2 - 31% - 31% - 15:57
3 - 25% - 27% - 12:39
4 - 15% - 10% - 7:46
Normal Defense
1 - 38% - 36% - 19:21
2 - 34% - 34% - 17:19
3 - 26% - 22% - 13:25
4 - 3% - 8% - 1:18
PP Forward
1 - 63% - 55% - 2:29
2 - 37% - 45% - 1:29
PP Defense
1 - 55% - 55% - 2:10
2 - 45% - 45% - 1:48
PK Forward
1 - 58% - 55% - 2:43
2 - 42% - 45% - 1:56
PK Defense
1 - 74% - 55% - 3:27
2 - 26% - 45% - 1:12
PK3 Forward
1 - 0% - 55%
2 - 0% - 45%
PK3 Defense
1 - 0% - 55%
2 - 0% - 45%
44 Forward
1 - 0% - 55%
2 - 0% - 45%
44 Defense
1 - 0% - 55%
2 - 0% - 45%
Last Minute Offensive  - 0:00
Last Minute Defensive  - 0:00
Total
Forward - 60:00
Defense - 60:00
Play-by-Play 1st period 0:01 of 1st period - MacKenzie Entwistle wins face-off versus Nico Hischier in neutral zone. 0:18 of 1st period - Ryan McDonagh is hit by MacKenzie Entwistle and loses puck. 2:27 of 1st period - Shot by Jonathan Huberdeau. 2:27 of 1st period - Shot Blocked by Riley Stillman. 2:29 of 1st period - Shot by Jonathan Huberdeau. 2:29 of 1st period - Deflect By Eetu Luostarinen. 2:29 of 1st period - Shot Misses the Net. 2:51 of 1st period - Shot by Jaret Anderson-Dolan. 2:51 of 1st period - Shot Misses the Net. 3:23 of 1st period - Shot by Boone Jenner. 3:23 of 1st period - Shot Blocked by Dante Fabbro. 3:57 of 1st period - Shot by Philipp Kurashev. 3:57 of 1st period - Shot Misses the Net. 4:11 of 1st period - Shot by Nico Hischier. 4:11 of 1st period - Shot Misses the Net. 4:13 of 1st period - Shot by Ryan McDonagh. 4:13 of 1st period - Stopped by Cal Petersen without a rebound. 4:14 of 1st period - Tyler Johnson wins face-off versus Blake Wheeler in KANSAS CITY KILLERBEES zone. 4:19 of 1st period - Janis Moser is hit by Alexis Lafreniere and loses puck. 7:45 of 1st period - Shot by Jonathan Huberdeau. 7:45 of 1st period - Deflect By Eetu Luostarinen. 7:45 of 1st period - Stopped by Cal Petersen without a rebound. 7:46 of 1st period - Morgan Barron wins face-off versus Eetu Luostarinen in KANSAS CITY KILLERBEES zone. 7:48 of 1st period - Icing by Jakub Voracek. 7:49 of 1st period - Nico Hischier wins face-off versus Morgan Barron in KANSAS CITY KILLERBEES zone. 8:04 of 1st period - Shot by Nico Hischier. 8:04 of 1st period - Deflect By David Perron. 8:04 of 1st period - Stopped by Cal Petersen without a rebound. 8:05 of 1st period - Tyler Johnson wins face-off versus Eetu Luostarinen in KANSAS CITY KILLERBEES zone. 8:39 of 1st period - Shot by Eetu Luostarinen. 8:39 of 1st period - Deflect By Jonathan Huberdeau. 8:39 of 1st period - Shot Misses the Net. 8:49 of 1st period - Christian Fischer is hit by Nicholas Paul and loses puck. 9:02 of 1st period - Shot by Marcus Johansson. 9:02 of 1st period - Stopped by Cal Petersen with a rebound. 9:04 of 1st period - Shot by Brendan Smith. 9:04 of 1st period - Shot Misses the Net. 10:19 of 1st period - Shot by David Perron. 10:19 of 1st period - Deflect By Patrick Kane. 10:19 of 1st period - Stopped by Cal Petersen with a rebound. 10:21 of 1st period - Shot by Janis Moser. 10:21 of 1st period - Shot Hit the Post. 10:23 of 1st period - Shot by Nico Hischier. 10:23 of 1st period - Goal by Nico Hischier - SACRAMENTO BANDITS : 1 - KANSAS CITY KILLERBEES : 0. 10:24 of 1st period - Eetu Luostarinen wins face-off versus Morgan Barron in neutral zone. 10:24 of 1st period - Jonathan Huberdeau is hit by Zach Aston-Reese and loses puck. 10:41 of 1st period - Shot by Eetu Luostarinen. 10:41 of 1st period - Shot Misses the Net. 10:43 of 1st period - Shot by Eetu Luostarinen. 10:43 of 1st period - Deflect By Jonathan Huberdeau. 10:43 of 1st period - Shot Misses the Net. 10:45 of 1st period - Shot by Jonathan Huberdeau. 10:45 of 1st period - Shot Misses the Net. 10:52 of 1st period - Icing by K'Andre Miller. 10:53 of 1st period - Morgan Barron wins face-off versus Blake Wheeler in KANSAS CITY KILLERBEES zone. 11:37 of 1st period - Icing by K'Andre Miller. 11:38 of 1st period - Nico Hischier wins face-off versus Morgan Barron in KANSAS CITY KILLERBEES zone. 11:56 of 1st period - Shot by David Perron. 11:56 of 1st period - Stopped by Cal Petersen without a rebound. 11:57 of 1st period - Mark Scheifele wins face-off versus Tyler Johnson in KANSAS CITY KILLERBEES zone. 12:04 of 1st period - Shot by Marcus Johansson. 12:04 of 1st period - Shot Blocked by Sean Walker. 12:06 of 1st period - Shot by Ryan McDonagh. 12:06 of 1st period - Shot Misses the Net. 12:24 of 1st period - Shot by Marcus Johansson. 12:24 of 1st period - Shot Blocked by Alexis Lafreniere. 12:30 of 1st period - Shot by Mark Scheifele. 12:30 of 1st period - Shot Blocked by Sean Walker. 12:32 of 1st period - Shot by Marcus Johansson. 12:32 of 1st period - Stopped by Cal Petersen with a rebound. 13:35 of 1st period - Off-side. 13:36 of 1st period - Eetu Luostarinen wins face-off versus Jaret Anderson-Dolan in neutral zone. 13:49 of 1st period - Shot by Boone Jenner. 13:49 of 1st period - Deflect By Jaret Anderson-Dolan. 13:49 of 1st period - Shot Blocked by Janis Moser. 14:03 of 1st period - Shot by Eetu Luostarinen. 14:03 of 1st period - Stopped by Cal Petersen without a rebound. 14:04 of 1st period - Mark Scheifele wins face-off versus MacKenzie Entwistle in KANSAS CITY KILLERBEES zone. 14:19 of 1st period - Shot by Mark Scheifele. 14:19 of 1st period - Shot Misses the Net. 14:21 of 1st period - Shot by Mark Scheifele. 14:21 of 1st period - Shot Misses the Net. 14:23 of 1st period - Shot by Marc-Edouard Vlasic. 14:23 of 1st period - Shot Blocked by Philipp Kurashev. 14:48 of 1st period - Shot by Marcus Johansson. 14:48 of 1st period - Stopped by Cal Petersen with a rebound. 15:26 of 1st period - Shot by Patrick Kane. 15:26 of 1st period - Shot Misses the Net. 16:06 of 1st period - Shot by Eetu Luostarinen. 16:06 of 1st period - Stopped by Cal Petersen with a rebound. 16:12 of 1st period - Shot by Eetu Luostarinen. 16:12 of 1st period - Shot Misses the Net. 16:22 of 1st period - Shot by Eetu Luostarinen. 16:22 of 1st period - Stopped by Cal Petersen with a rebound. 17:02 of 1st period - Shot by Blake Wheeler. 17:02 of 1st period - Stopped by Cal Petersen without a rebound. 17:03 of 1st period - Mark Scheifele wins face-off versus Tyler Johnson in KANSAS CITY KILLERBEES zone. 17:07 of 1st period - Icing by Riley Stillman. 17:08 of 1st period - Tyler Johnson wins face-off versus Nico Hischier in KANSAS CITY KILLERBEES zone. 18:11 of 1st period - Tyler Johnson is hit by Christian Fischer and loses puck. 19:34 of 1st period - Shot by Boone Jenner. 19:34 of 1st period - Stopped by Jaroslav Halak with a rebound. 19:44 of 1st period - Shot by Jonathan Huberdeau. 19:44 of 1st period - Stopped by Cal Petersen with a rebound. Goals for this period are 1 for SACRAMENTO BANDITS vs 0 for KANSAS CITY KILLERBEES. Shots for this period are 14 for SACRAMENTO BANDITS vs 1 for KANSAS CITY KILLERBEES. 2nd period 0:01 of 2nd period - Nico Hischier wins face-off versus MacKenzie Entwistle in neutral zone. 0:28 of 2nd period - Shot by Philipp Kurashev. 0:28 of 2nd period - Shot Blocked by Ryan McDonagh. 1:30 of 2nd period - Minor Penalty to MacKenzie Entwistle for Holding. 1:31 of 2nd period - Mark Scheifele wins face-off versus Alexis Lafreniere in KANSAS CITY KILLERBEES zone. 1:50 of 2nd period - Shot by Marcus Johansson. 1:50 of 2nd period - Stopped by Cal Petersen without a rebound. 1:51 of 2nd period - Nico Hischier wins face-off versus Alexis Lafreniere in KANSAS CITY KILLERBEES zone. 2:41 of 2nd period - Shot by Marcus Johansson. 2:41 of 2nd period - Deflect By Mark Scheifele. 2:41 of 2nd period - Stopped by Cal Petersen with a rebound. 3:27 of 2nd period - Shot by Patrick Kane. 3:27 of 2nd period - Shot Blocked by Nicholas Paul. 3:35 of 2nd period - Shot by Jonathan Huberdeau. 3:35 of 2nd period - Stopped by Cal Petersen with a rebound. 3:41 of 2nd period - Shot by Eetu Luostarinen. 3:41 of 2nd period - Goal by Eetu Luostarinen - SACRAMENTO BANDITS : 2 - KANSAS CITY KILLERBEES : 0. 3:42 of 2nd period - Jaret Anderson-Dolan wins face-off versus Blake Wheeler in neutral zone. 5:30 of 2nd period - Shot by Marcus Johansson. 5:30 of 2nd period - The goal is going for a video replay. 5:30 of 2nd period - The goal is good. 5:30 of 2nd period - Goal by Marcus Johansson - SACRAMENTO BANDITS : 3 - KANSAS CITY KILLERBEES : 0. 5:31 of 2nd period - Nico Hischier wins face-off versus Nicholas Paul in neutral zone. 5:38 of 2nd period - Shot by Patrick Kane. 5:38 of 2nd period - Shot Blocked by Tyler Johnson. 5:39 of 2nd period - Minor Penalty to David Perron for Tripping. 5:40 of 2nd period - Jakub Voracek wins face-off versus Marcus Johansson in SACRAMENTO BANDITS zone. 5:45 of 2nd period - Shot by Philipp Kurashev. 5:45 of 2nd period - Deflect By Nicholas Paul. 5:45 of 2nd period - Shot Blocked by Marc-Edouard Vlasic. 6:01 of 2nd period - Shot by Mattias Ekholm. 6:01 of 2nd pe